 Dungeon Crawl Stone Soup version 0.30-a0-782-ge64f9170bb (webtiles) character file.

Game seed: 3706902991098251842

145 Esekla the Sneak (level 5, 25/37 HPs)
             Began as an Octopode Delver on Feb 19, 2023.
             Quit the game on level 5 of the Dungeon.
             The game lasted 00:02:30 (229 turns).

Esekla the Sneak (Octopode Delver)                   Turns: 229, Time: 00:02:31

Health: 25/37      AC:  1    Str: 11    XL:     5   Next: 27%
Magic:  6/7        EV: 13    Int: 14    God:
Gold:   14         SH:  0    Dex: 14    Spells: 6/6 levels left

rFire   . . .      SeeInvis .    a - +0 falchion
rCold   . . .      Faith    .    (no shield)
rNeg    . . .      Spirit   .    (helmet restricted)
rPois   .          Reflect  .    (no amulet)
rElec   .          Harm     .    (no ring)
rCorr   .          Rampage  .    (no ring)
Will    .....                    (no ring)
Stlth   +++++                    (no ring)
HPRegen 0.26/turn                (no ring)
MPRegen 0.10/turn                (no ring)
                                 (no ring)
                                 (no ring)

@: no status effects
A: almost no armour, amphibious, 8 rings, camouflage 1, gelatinous body 1,
(nimble swimmer 1), tentacles
a: no special abilities


You were on level 5 of the Dungeon.
You visited 1 branch of the dungeon, and saw 1 of its levels.

You collected 14 gold pieces.

Inventory:

Hand Weapons
 a - a +0 falchion (weapon)
Missiles
 c - 6 poisoned darts (quivered)
Wands
 f - a wand of digging (3)
Scrolls
 b - a scroll of fog
 d - a scroll of fear
Potions
 e - a potion of haste


   Skills:
 * Level 3.7 Fighting
 * Level 2.6 Long Blades
 * Level 2.6 Dodging
 + Level 7.9 Stealth
 * Level 1.3 Spellcasting


You had 6 spell levels left.
You didn't know any spells.
Your spell library was empty.

Dungeon Overview and Level Annotations

Branches:
Dungeon (5/15)
 Temple: D:4-7

Altars:
Makhleb
Yredelemnul


Innate Abilities, Weirdness & Mutations

You cannot wear most types of armour.
You are amphibious.
You can wear up to eight rings at the same time.
Your skin changes colour to match your surroundings (Stealth+).
Your rubbery body absorbs attacks. (AC +1, EV +1)
((You are camouflaged when in or above water. (Stealth+)))
You have tentacles for arms and can constrict up to eight enemies at once.


Message History

The adder bites you but does no damage.
You hit the adder but do no damage. You grab the adder.
Your squeeze misses the adder. You constrict the adder. The adder misses you.
The adder closely misses you.
You hit the adder but do no damage.
You squeeze the adder, but do no damage.
The adder is moderately wounded.
You constrict the adder. The adder bites you.
You are poisoned.
The adder poisons you! The adder barely misses you.
You hit the adder but do no damage. You squeeze the adder.
The adder is almost dead.
You constrict the adder.
You kill the adder!
You feel sick. The hound closely misses you.
You have reached level 5!
You feel agile.
You hit the hound. Your grab misses the hound. Your squeeze misses the hound.
The hound is lightly wounded.
You feel sick. The hound barely misses you.
You miss the hound. You grab the hound.
The hound is lightly wounded.
You constrict the hound, but do no damage.
You feel sick.
You are no longer poisoned.
The hound stops to sniff the ground.
The hound misses you. The hound barely misses you.
You hit the hound.
The hound is moderately wounded.
You constrict the hound. The hound bites you. x2
You barely miss the hound.
The hound is heavily wounded.
You constrict the hound. The hound barely misses you.
The hound closely misses you.
You barely miss the hound.
The hound is severely wounded.
You constrict the hound. The hound closely misses you.
You hit the hound. You squeeze the hound.
You kill the hound!
Are you sure you want to abandon this character and quit the game? (Confirm with "yes".)

*................,
**.......#........
**#.....#.......#
##.....#........
##...............
#................
#......_.........
###.###...........
#@†..##..........#
###............##.
**.............#.#
**,...........##...
*,.............#...
*,.............#...
*#..........#.#....
*,,....#...#.##...
*,,,..##..####.###


There were no monsters in sight!

Vanquished Creatures
  A howler monkey (D:5)
  2 centaur zombies (D:5)
  A hound (D:5)
  An adder (D:5)
5 creatures vanquished.

Notes
Turn   | Place    | Note
-------+----------+-------------------------------------------
     0 | D:5      | Esekla the Octopode Delver began the quest for the Orb.
     0 | D:5      | Reached XP level 1. HP: 16/16 MP: 1/1
    10 | D:5      | Noticed a howler monkey
    19 | D:5      | Killed a howler monkey
    20 | D:5      | Reached skill level 7 in Stealth
    20 | D:5      | Reached XP level 2. HP: 11/21 MP: 1/3
    20 | D:5      | Reached XP level 3. HP: 13/26 MP: 1/4
    49 | D:5      | Reached skill level 1 in Spellcasting
    49 | D:5      | Reached XP level 4. HP: 8/31 MP: 3/5
   160 | D:5      | Found a basalt altar of Yredelemnul.
   201 | D:5      | Found a burning altar of Makhleb.
   223 | D:5      | Reached XP level 5. HP: 31/37 MP: 6/6
   229 | D:5      | Quit the game

Illustrated notes

Levels and vault maps discovered:
D:5:      nicolae_BIG_FREAKIN_CUBE, layout_cave_pools, bloody_makhleb,
          lemuel_zombie_altar_yredelemnul, grunt_decor_junction

Skill      XL: |  1  2  3 |
---------------+----------+-----
Stealth        | 7 |  7.9
Spellcasting   | 1 |  1.3
Fighting       | |  3.7
Long Blades    | |  2.6
Dodging        | |  2.6

Action                     |  1- 3 |  4- 6 || total
---------------------------+-------+-------++-------
  Melee: Falchion          |    12 |    19 ||    31
         Constrict         |     1 |     2 ||     3
         Tentacles         |     3 |     4 ||     7
    Use: Scroll            |     1 |       ||     1
 Armour: Skin              |     5 |     3 ||     8
  Dodge: Dodged            |    14 |    22 ||    36

Table legend: (Time is in decaauts)
 A = Elapsed time spent in this place.
 B = Non-inter-level travel time spent in this place.
 C = Inter-level travel time spent in this place.
 D = Time resting spent in this place.
 E = Time spent auto-exploring this place.
 F = Levels seen in this place.
 G = Mean time per level.
                   A        B        C        D        E       F      G
               +--------+--------+--------+--------+--------+-----+--------+
         Total |    234 |    234 |      0 |     86 |      0 |   1 |  234.0 |
       Dungeon |    234 |    234 |      0 |     86 |      0 |   1 |  234.0 |
               +--------+--------+--------+--------+--------+-----+--------+

Top non-repeatable levels by time:
     D:5: 234 daAuts
